AoeStats
← RagnarLothbrok

Black Forest

510202223Analyzed
4v4 RM · 1d ago on Sep 29, 2026· 39m 13s· 8 players
Game mode
Random Map
Map size
Large (8 player)
Population
200
Speed
Normal
Resources
Standard
Victory
Conquest
Starting age
Dark Age
Ending age
Imperial Age
RankedLock teamsTeams togetherTeam positionsShared explorationLock speedFull tech treeHidden civsTurbo modeCheats
Victory
Defeat
🇬🇧 Tatars · United Kingdom
1396
+14
🇫🇷 Slavs · France
1323
+17
🇲🇽 Bulgarians · Mexico
1315
+17
🇨🇴 Lithuanians · Colombia
1307
+17
🇹🇷 Burmese · Türkiye
1367
-17
🇦🇺 Mongols · Australia
1341
-16
🇦🇷 Saracens · Argentina
1334
-16
🇻🇪 Inca · Venezuela
1326
-16
Cryptomage
1:25 Loom
8:26 Loom
12:11 Feudal Age
16:35 Castle Age
14:27 Double-Bit Axe
14:55 Fishing Lines
18:13 Bow Saw
17:47 Horse Collar
19:23 Wheelbarrow
18:40 Gold Mining
20:49 Gillnets
23:43 Hand Cart
27:11 Husbandry
27:21 Bloodlines
27:18 Scale Barding Armor
27:24 Forging
28:39 Gold Shaft Mining
28:54 Chain Barding Armor
28:44 Padded Archer Armor
34:26 Imperial Age
33:38 Iron Casting
34:46 Cavalier
36:45 Plate Barding Armor
36:58 Heavy Scorpion
39:32 Blast Furnace
Mahore
1:18 Loom
11:19 Feudal Age
16:14 Bloodlines
24:34 Castle Age
24:13 Horse Collar
24:20 Double-Bit Axe
27:17 Fletching
wagwan_son
12:30 Feudal Age
14:09 Double-Bit Axe
17:04 Castle Age
16:34 Fishing Lines
20:08 Gillnets
21:49 Bow Saw
21:36 Horse Collar
23:39 Heavy Plow
26:00 Wheelbarrow
25:17 Stone Mining
25:19 Gold Mining
28:44 Imperial Age
27:00 Fletching
27:40 Ballistics
27:47 Hand Cart
28:04 Padded Archer Armor
28:04 Bodkin Arrow
28:52 Bloodlines
28:43 Husbandry
29:16 Leather Archer Armor
29:09 Loom
29:32 Bracer
30:50 Chemistry
32:03 Gold Shaft Mining
32:25 Ring Archer Armor
32:47 Timurid Siegecraft
32:05 Heavy Cavalry Archer
33:13 Silk Armor
33:34 Conscription
33:32 Caravan
36:05 Siege Engineers
Ezemic
0:26 Loom
13:08 Feudal Age
21:05 Horse Collar
21:11 Double-Bit Axe
23:57 Castle Age
26:53 Wheelbarrow
29:56 Scale Barding Armor
29:42 Fletching
30:46 Forging
31:43 Chain Barding Armor
31:53 Bloodlines
31:44 Husbandry
32:34 Hand Cart
33:08 Iron Casting
35:13 Gold Mining
LT_OmniSK
1:53 Loom
14:16 Feudal Age
19:34 Castle Age
18:02 Man-at-Arms
18:44 Scale Mail Armor
18:53 Fishing Lines
19:50 Long Swordsman
20:37 Gillnets
21:22 Forging
21:22 Arson
22:08 Squires
24:05 Gambesons
31:06 Iron Casting
30:47 Chain Mail Armor
33:24 Wheelbarrow
35:32 Horse Collar
37:34 Hand Cart
40:36 Imperial Age
37:30 Pikeman
RagnarLothbrok
12:26 Feudal Age
13:11 Double-Bit Axe
16:24 Castle Age
14:21 Horse Collar
14:50 Fletching
20:32 Bow Saw
20:03 Horse Collar
24:07 Crossbowman
28:00 Heavy Plow
29:07 Gold Mining
29:24 Fishing Lines
30:29 Loom
30:49 Bodkin Arrow
34:28 Gold Shaft Mining
35:25 Stone Mining
37:01 Wheelbarrow
36:27 Pikeman
37:55 Scale Mail Armor
38:06 Forging
38:00 Squires
LordofSun
12:30 Feudal Age
16:26 Castle Age
16:42 Double-Bit Axe
18:46 Bow Saw
18:44 Fishing Lines
19:12 Loom
20:24 Loom
21:26 Wheelbarrow
23:03 Medium Warships
25:43 Horse Collar
26:16 Gold Mining
27:04 Fletching
27:20 Scale Barding Armor
27:25 Forging
27:33 Bloodlines
27:23 Husbandry
31:17 Imperial Age
31:29 Hand Cart
30:59 Town Watch
32:07 Chain Barding Armor
32:23 Iron Casting
31:23 Elite Mameluke
32:29 Conscription
33:49 Iron Casting
35:27 Plate Barding Armor
35:57 Blast Furnace
34:58 Fletching
35:36 Bimaristan
36:43 Caravan
37:15 Coinage
Texas Mil
0:54 Loom
11:41 Feudal Age
17:47 Man-at-Arms
22:51 Horse Collar
27:52 Castle Age
27:55 Double-Bit Axe
28:03 Gold Mining
30:37 Fletching
30:58 Fishing Lines
33:13 Wheelbarrow
36:48 Imperial Age
34:05 Elite Skirmisher
35:41 Padded Archer Armor
38:32 Bodkin Arrow
Connection lost

Rejoining the realm…

Still unreachable

The connection could not be restored.

Session expired

The server has moved on; the page needs a fresh start.